 Dungeon Crawl Stone Soup version 0.28.0-45-g0d030f2227 (webtiles) character file.

Game seed: 15910867315009426503

237 bobregger the Skirmisher (level 6, -2/67 HPs)
             Began as an Ogre Berserker on Apr 24, 2022.
             Was a Believer of Trog.
             Slain by an orc wizard
             ... wielding a +0 dagger
              (4 damage)
             ... on level 3 of the Dungeon.
             The game lasted 00:04:25 (2860 turns).

bobregger the Skirmisher (Ogre Berserker)           Turns: 2860, Time: 00:04:26

Health: -2/67      AC:  3    Str: 22    XL:     6   Next: 6%
Magic:  6/6        EV: 10    Int:  8    God:    Trog [**....]
Gold:   68         SH:  0    Dex: 10    Spells: 5/5 levels left

rFire   + . .      SeeInvis .   j - +0 flail
rCold   . . .      Faith    .   (no shield)
rNeg    . . .      Spirit   .   b - +0 animal skin
rPois   .          Reflect  .   (helmet restricted)
rElec   .          Harm     .   (no cloak)
rCorr   .          Rampage  .   (gloves unavailable)
Will    .....                   (boots unavailable)
Stlth   +.........              (no amulet)
HPRegen 0.21/turn               e - ring of protection from fire
MPRegen 0.10/turn               (no ring)

@: mighty, on berserk cooldown, slowed, very slow
A: large, unfitting armour, tough skin 1
a: Renounce Religion, Berserk, Trog's Hand


You were on level 3 of the Dungeon.
You worshipped Trog.
Trog was pleased with you.
You visited 1 branch of the dungeon, and saw 3 of its levels.

You collected 68 gold pieces.

Inventory:

Hand Weapons
 j - a +0 flail (weapon)
Armour
 b - a +0 animal skin (worn)
Jewellery
 e - a ring of protection from fire (left hand)
Scrolls
 c - a scroll of torment {unknown}
 d - a scroll of teleportation {unknown}
 g - a scroll of blinking {unknown}
 h - a scroll of immolation {unknown}
 i - a scroll of identify {unknown}


   Skills:
 + Level 5.9 Fighting
 * Level 5.1 Maces & Flails
 - Level 2.6 Dodging


You had 5 spell levels left.
You didn't know any spells.
Your spell library was empty.

Dungeon Overview and Level Annotations

Branches:
Dungeon (3/15)

Altars:


Innate Abilities, Weirdness & Mutations

You are too large for most types of armour.
You have tough skin. (AC +1)


Message History

* * * LOW HITPOINT WARNING * * *
The orc hits you with a +0 flail.
* * * LOW HITPOINT WARNING * * *
The orc priest begins to cast a cantrip, but forgets the words!
You bump into the rock wall.
You feel less confused. Something hits you.
* * * LOW HITPOINT WARNING * * *
The orc wizard hits you with a +0 dagger.
* * * LOW HITPOINT WARNING * * *
The orc hits you with a +0 flail.
* * * LOW HITPOINT WARNING * * *
The orc priest hits you but does no damage.
Unknown command.
You thump the orc priest!
You kill the orc priest!
Trog accepts your kill.
You are no longer berserk.
You are exhausted.
You feel yourself slow down.
You hear some strange, mumbled words.
A magic dart appears from out of thin air!
The magic dart hits you.
* * * LOW HITPOINT WARNING * * *
The orc wizard closely misses you. The orc barely misses you.
You have reached level 6!
You feel stronger.
Unknown command.
Unknown command.
It was a potion of might.
You feel very mighty all of a sudden. Something hits you.
* * * LOW HITPOINT WARNING * * *
The orc wizard barely misses you.
You hear some strange, mumbled words.
A puff of flame appears from out of thin air!
The puff of flame misses you. The orc barely misses you.
You closely miss something.
The orc wizard hits you with a +0 dagger.
You die...

#.# # #.#. #.#..
....### # #.#..[
#.###.#.#####.#
####...o)........#
.......{@#.#####.#
####..##o#.......##
#. ##.).#####..#
#..#...........##.#
#.......#####.....#
##.#....).....#
#....####...########
#.##.####..........##
#. #..........###...#


You could see an orc wizard and an orc.

Vanquished Creatures
  A hound (D:3)
  An orc priest (D:3)
  An orc wizard (D:3)
  Terence (D:3)
  6 adders
  3 dart slugs
  2 orcs (D:3)
  7 ball pythons
  6 bats
  3 endoplasms
  4 giant cockroaches
  4 goblins
  7 hobgoblins
  A jackal (D:2)
  6 quokkas
  A frilled lizard (D:3)
  7 kobolds
  5 rats
66 creatures vanquished.

Notes
Turn   | Place    | Note
-------+----------+-------------------------------------------
     0 | D:1      | bobregger the Ogre Berserker began the quest for the Orb.
     0 | D:1      | Reached XP level 1. HP: 24/24 MP: 1/1
    54 | D:1      | Reached XP level 2. HP: 32/32 MP: 2/2
   427 | D:1      | Reached XP level 3. HP: 19/40 MP: 3/3
   464 | D:1      | Found a faded altar of an unknown god.
  1226 | D:2      | Reached ** piety under Trog
  1290 | D:2      | Reached XP level 4. HP: 49/49 MP: 4/4
  1321 | D:2      | Reached skill level 5 in Fighting
  2005 | D:3      | Noticed Terence
  2009 | D:3      | Killed Terence
  2010 | D:3      | Reached XP level 5. HP: 57/57 MP: 5/5
  2843 | D:3      | Reached skill level 5 in Maces & Flails
  2858 | D:3      | HP: 2/59 [something/magic dart (4)]
  2859 | D:3      | Reached XP level 6. HP: 2/67 MP: 6/6
  2860 | D:3      | Slain by an orc wizard

Illustrated notes

Levels and vault maps discovered:
D:1:      dpeg_arrival_rooms_a, layout_rooms,
          shapermc_ecumenical_altar_acropolis, serial_bayou_pond_d
D:2:      layout_rooms, minmay_tall_x
D:3:      layout_loops_ring, minivault_5, kennysheep_cross_room,
          minmay_misc_feat_rows, kennysheep_pointless_box, uniq_terence

Skill      XL: |  1  2  3  4  5 |
---------------+----------------+-----
Maces & Flails | 3 4 5 |  5.1
Fighting       | 5 |  5.9
Dodging        | |  2.6

Action                   |  1- 3 |  4- 6 || total
-------------------------+-------+-------++-------
Melee: Mace              |    98 |    83 ||   181
       Flail             |       |    28 ||    28
       Punch             |       |     1 ||     1
Invok: Berserk           |     4 |     3 ||     7
  Use: Potion            |       |     1 ||     1
Armor: Animal skin       |    59 |    45 ||   104
Dodge: Dodged            |    97 |    76 ||   173
